Unix NetHack Version 3.7.0-59 Work-in-progress - last build Jun 15 2022 22:00:42 (ba19de5de9b105df43ec81f7b8aaf5e01ff60ae8,branch:master). Game began 2022-06-17 21:57:21, ended 2022-06-18 17:06:03. Lawliet, lawful female human Samurai -------- -------- |......| |.....|# # -+-|-- # #### |......|# # |....| ###### ## |...----# # |....| -|---------- #######|...|#### # |n...| |....<....{| #|.{.|# ## # |.....## |..........| #-----# #-----# |....| ###...........| ######0 #|...|# ------ |..........| #-....# ------------ ----- Lawliet the Joshu St:16 Dx:15 Co:18 In:9 Wi:11 Ch:8 Lawful Dlvl:9 $:287 HP:0(96) Pw:41(41) AC:-4 Exp:10 T:15632 Blind Latest messages: X - a gunyoki. You have a little trouble lifting a jackal corpse. Continue? [ynq] (q) y You have a little trouble lifting Z - a jackal corpse. Your movements are slowed slightly because of your load. Where do you want to travel to? (For instructions type a '?') Where do you want to travel to? (For instructions type a '?') A gunyoki lands on the altar. A jackal corpse lands on the altar. Your movements are now unencumbered. There is an uncursed jackal corpse here; sacrifice it? [ynq] (n) y Your sacrifice is consumed in a flash of light! K - an uncursed gunyoki. You see here a chickatrice corpse. What do you want to put on? [ot or ?*] t You are now wearing a towel around your head. You can't see any more. Pick an object. What do you want to remove? [ty or ?*] t You were wearing an uncursed towel. You can see again. Really save? [yn] (n) y Saving... Restoring save file... Konnichi wa Lawliet, the human Samurai, welcome back to NetHack! You see here a chickatrice corpse. What do you want to put on? [ot or ?*] t You are now wearing a towel around your head. You can't see any more. You try to feel what is lying here on the floor. You feel here a chickatrice corpse. Touching the chickatrice corpse is a fatal mistake... You turn to stone... Do you want your possessions identified? [ynq] (y) q Major events: Turn 1: Lawliet the lawful female human Samurai entered the dungeon 677: attained the rank of Ronin (level 3) 1057: entered the Gnomish Mines 2686: attained the rank of Kunoichi (level 6) 2899: reached Mine Town 4674: entered Sokoban 5115: completed sokoban 1 13552: attained the rank of Joshu (level 10) 15632: petrified by touching a chickatrice corpse bare-handed Inventory: Coins $ - 287 gold pieces Amulets y - an uncursed amulet of guarding (being worn) Weapons d - 14 +0 ya (in quiver) c - a +0 yumi a - a +0 katana (weapon in hand) Armor z - an uncursed +0 dwarvish iron helm (being worn) i - an uncursed +0 pair of high boots (being worn) Y - a blessed +0 elven cloak V - a blessed rotted +0 mummy wrapping B - an uncursed +0 dwarvish mithril-coat (being worn) Comestibles T - an uncursed carrot K - 9 uncursed gunyoki j - 2 uncursed tripe rations w - 2 uncursed lizard corpses Rings o - an uncursed ring of hunger Wands r - a wand of create monster (0:0) H - a wand of digging (0:7) O - a blessed wand of light (0:14) f - a wand of speed monster (0:3) Tools Q - a blessed brass lantern g - an uncursed magic lamp p - a +0 pick-axe (alternate weapon; not wielded) k - an uncursed skeleton key l - an uncursed tin whistle R - an uncursed tin whistle t - an uncursed towel (being worn) u - a +0 unicorn horn Lawliet the Samurai's attributes: Background: You were a Joshu, a level 10 female human Samurai. You were lawful, on a mission for Amaterasu Omikami who was opposed by Raijin (neutral) and Susanowo (chaotic). You were in the Dungeons of Doom, on level 9. You entered the dungeon 15632 turns ago. You had 7144 experience points, 2856 more were needed to attain level 11. Basics: You had 0 out of 96 hit points. You had all 41 energy points (spell power). Your armor class was -4. Your wallet contained 287 zorkmids. Autopickup was off. Final Characteristics: Your strength was 16 (peak:17, limit:18/100). Your dexterity was 15 (limit:18). Your constitution was 18 (limit:18). Your intelligence was 9 (limit:18). Your wisdom was 11 (limit:18). Your charisma was 8 (limit:18). Final Status: You were deliberately blind. You were not hungry. You were unencumbered. You were wielding a long sword. You had expert skill with long sword. Final Attributes: You were piously aligned. You were poison resistant. You would have seen invisible when not blind. You were telepathic. You were invisible to others. You had a small defense bonus (+4). You were protected. You were fast. You were lucky. You are dead. Miscellaneous: You never encountered a bones level. Total elapsed playing time was 2 hours and 59 minutes. Vanquished creatures: a stalker a small mimic a quantum mechanic 2 large dogs a tiger a gargoyle a leocrotta 3 elf mummies a python a wraith 2 carnivorous apes an ettin zombie a leather golem 4 giant beetles 2 quivering blobs 3 cockatrices 2 winter wolf cubs 22 leprechauns an orc-captain 2 mumakil 2 giant spiders a scorpion a forest centaur a gnome ruler an orc mummy 2 dwarf mummies 4 brown puddings 2 owlbears a gold golem 2 werewolves 4 lizards 3 chickatrices a dingo a dog a housecat 2 jaguars 2 blue jellies a black unicorn 3 dust vortices 2 ravens a gnome mummy 2 snakes 3 water moccasins 3 apes 8 human zombies 9 Woodland-elves 3 soldier ants a bugbear 2 imps a water nymph 18 Mordor orcs 5 Uruk-hai 2 orc shamans 6 rock piercers 3 rock moles a pony a fog cloud 3 yellow lights a shrieker 2 violet fungi 9 gnome leaders 2 gnomish wizards 2 kobold mummies 4 gray oozes 3 ghouls a straw golem 3 giant ants 2 little dogs 4 floating eyes 4 kittens 3 dwarves 2 homunculi a kobold shaman 7 hill orcs 10 rothes 4 rabid rats 3 centipedes 3 giant bats 4 orc zombies 5 dwarf zombies 2 wererats a werejackal 7 iguanas 3 acid blobs 7 coyotes a hobbit 3 manes 3 large kobolds 2 hobgoblins 10 cave spiders 2 brown molds a yellow mold a green mold 42 gnomes 5 gnome zombies 4 geckos 10 jackals a fox 5 kobolds 5 goblins 2 sewer rats 17 grid bugs a bat 8 lichens 2 kobold zombies 9 newts 395 creatures vanquished. No species were genocided or became extinct. Voluntary challenges: You read items or engraved 14 times. You engraved Elbereth 5 times. You never genocided any monsters. You never polymorphed an object. You never changed form. You used no wishes. You did not violate any of the special Sokoban rules. Achievements: You attained the rank of Ronin. You entered the Gnomish Mines. You attained the rank of Kunoichi. You entered Minetown. You entered a temple. You entered a shop. You entered Sokoban. You attained the rank of Joshu. The Dungeons of Doom: levels 1 to 10 Level 1: Level 2: Some fountains. Stairs down to The Gnomish Mines. Level 3: A fountain, some sinks. Level 4: Level 5: A fountain, a sink. Level 6: Level 7: A fountain, a grave. Level 8: Some fountains. Oracle of Delphi. Level 9: <- You were here. An altar to Amaterasu Omikami, a fountain, a sink. Stairs up to Sokoban, level 8. Final resting place for you, petrified by touching a chickatrice corpse bare-handed. Level 10: The Gnomish Mines: levels 3 to 7 Level 3: Level 4: Level 5: Level 6: Many shops, a temple, many fountains. Level 7: Sokoban: levels 8 up to 7 Level 7: Unsolved. Level 8: Solved. Game over: ---------- / \ / REST \ / IN \ / PEACE \ / \ | Lawliet | | 287 Au | | petrified by | | touching a | | chickatrice | | corpse | | 2022 | *| * * * | * _________)/\\_//(\/(/\)/\//\/|_)_______ Sayonara Lawliet the Samurai... You turned to stone in The Dungeons of Doom on dungeon level 9 with 29335 points, and 287 pieces of gold, after 15632 moves. You were level 10 with a maximum of 96 hit points when you turned to stone.